Cogmind - Beta 13 @@@ ROGUE MODE // 2024.04.02 @ 14:51:18 Player: Scringis Result: Destroyed by D-53 Grenadier with Mini Grenade Launcher Performance ------------- Evolutions (0) 0 Regions Visited (2) 400 Robots Destroyed (19) 95 Value Destroyed (446) 446 Prototype IDs (0) 0 Alien Tech Used (0) 0 Bonus (0) 0 TOTAL SCORE: 941 Bonus ------- None Cogmind --------- Core Integrity 0/250 Matter 297/300 Energy 264/265 System Corruption 0% Temperature Cool (6) Movement Treading (160) Location -10/Mines Parts ------- > --- POWER (1) -------- Improved Ion Engine > --- PROPULSION (2) --- Light Treads Light Treads > --- UTILITY (2) ------ Large Storage Unit Visual Processing Unit > --- WEAPON (2) ------- Heavy Assault Rifle > --- INVENTORY (15) --- Large Storage Unit Large Matter Pod (109) Sensor Array Targeting Computer ECM Suite Assault Rifle Assault Rifle Heavy Assault Rifle Heavy Assault Rifle Heavy Assault Rifle Heavy Assault Rifle Rocket Launcher Peak State ------------ > --- POWER ------------ Light Ion Engine > --- PROPULSION ------- Light Treads Light Treads > --- UTILITY ---------- Small Storage Unit Visual Processing Unit > --- WEAPON ----------- Heavy Assault Rifle Heavy Assault Rifle > --- INVENTORY -------- Light Treads Light Treads ECM Suite Assault Rifle Assault Rifle Heavy Assault Rifle Heavy Assault Rifle Datajack [Rating: 11] Favorites ----------- Power Light Ion Engine Engine Light Ion Engine Propulsion Light Treads Treads Light Treads Utility Visual Processing Unit Storage Small Storage Unit Processor Visual Processing Unit Weapon Heavy Assault Rifle Energy Gun EM Pulse Gun Ballistic Gun Heavy Assault Rifle Build | -11 -10 -10 ------- Run | Yrd Mat Min Slots Evolved . | . . . Power . | . . . Propulsion . | . . . Utility . | . . . Weapon . | . . . Parts Attached 16 | 7 6 3 Power 2 | 1 . 1 Engine 2 | 1 . 1 Core . | . . . Reactor . | . . . Propulsion 4 | 2 . 2 Treads 4 | 2 . 2 Leg . | . . . Wheel . | . . . Hover . | . . . Flight . | . . . Utility 4 | 1 3 . Device . | . . . Storage 3 | 1 2 . Processor 1 | . 1 . Hackware . | . . . Protection . | . . . Artifact . | . . . Weapon 6 | 3 3 . Energy Gun 3 | 2 1 . Energy Cannon . | . . . Ballistic Gun 3 | 1 2 . Ballistic Cannon . | . . . Launcher . | . . . Special Weapon . | . . . Impact Weapon . | . . . Slashing Weapon . | . . . Piercing Weapon . | . . . Special Melee Weapon . | . . . Unidentified Prototypes . | . . . Parts Lost 3 | . 2 1 Power . | . . . Propulsion . | . . . Utility . | . . . Weapon 3 | . 2 1 Highest Loss Streak 2 | . 2 1 To Critical Strikes . | . . . Average Slot Usage (%) 98 | . 97 100 Engine 14 | . 14 14 Treads 28 | . 28 28 Storage 14 | . 14 14 Processor 12 | . 11 14 Energy Gun 10 | . 7 14 Ballistic Gun 17 | . 19 14 Naked Turns . | . . . Heaviest Build 32 | 12 29 32 Greatest Support 40 | 40 40 40 Greatest Overweight (x) . | . . . Average Overweight (x) . | . . . Largest Inventory Capacity 15 | 8 15 15 Average Capacity 11 | 6 9 15 Most Carried 12 | 3 10 12 Average Carried 8 | 1 7 11 Final Capacity 15 | 8 15 15 Final Carried 12 | 1 10 12 Class Distribution -------------------- 82% | Mutant 17% | Scavenger-Mutant Dominant Class ---------------- Mutant | -10/Materials Scavenger-Mutant | -10/Mines Resources | -11 -10 -10 ----------- Run | Yrd Mat Min Matter Collected 575 | 224 192 159 Remotely . | . . . Salvage Created 622 | . 442 180 Parts 53 | . 32 21 Haulers Intercepted 1 | . 1 . Recyclers Shooed . | . . . Parts Field Recycled . | . . . Retrieved Matter . | . . . Parts Self-Destructed . | . . . Prevented . | . . . Kills | -11 -10 -10 ------- Run | Yrd Mat Min Combat Hostiles Destroyed 15 | . 10 5 Guns 15 | . 10 5 Classes Destroyed 7 | . 5 2 Worker 1 | . . 1 Hauler 1 | . 1 . Operator 1 | . 1 . Watcher 1 | . 1 . Swarmer 6 | . 3 3 Grunt 7 | . 7 . Sentry 2 | . . 2 Best Kill Streak 4 | . 4 3 Combat Bots Only 4 | . 4 3 Max Kills in Single Turn 2 | . 2 1 Gunslinging 1 | . 1 . Exploded . | . . . Melee . | . . . Uniques/NPCs Destroyed . | . . . Combat | -11 -10 -10 -------- Run | Yrd Mat Min Hostile Shots Fired 82 | . 60 22 Missed 21 | . 16 5 Damage Taken 856 | . 474 382 Core 258 | . 114 144 Absorbed by Shields . | . . . Core Remaining (%) 100 | 100 . . Volleys Fired 47 | . 36 11 Largest 2 | . 2 2 Hottest 80 | . 80 63 Shots Fired 87 | . 66 21 Gun 87 | . 66 21 Cannon . | . . . Launcher . | . . . Special . | . . . Kinetic 43 | . 32 11 Thermal . | . . . Explosive . | . . . Electromagnetic 44 | . 34 10 Robot Hit Streak 9 | . 9 8 Robot Miss Streak 4 | . 4 4 Penetration Max . | . . . Secondary Targets 4 | . 1 3 Max Gunslinging Chain 1 | . 1 1 Shots Hit Robots 49 | . 38 11 Core Hits 28 | . 20 8 Critical Kills . | . . . Critical Parts Destroyed . | . . . Critical Strikes . | . . . Melee Attacks . | . . . Impact . | . . . Slashing . | . . . Piercing . | . . . Sneak Attacks . | . . . Combat Hostiles . | . . . Follow-up Attacks . | . . . Damage Inflicted 726 | . 574 152 Guns 715 | . 574 141 Cannons . | . . . Explosions . | . . . Melee . | . . . Ramming 11 | . . 11 Kinetic 423 | . 334 89 Thermal . | . . . Explosive . | . . . Electromagnetic 292 | . 240 52 Impact . | . . . Slashing . | . . . Piercing . | . . . Highest Corruption . | . . . Average Corruption . | . . . Corruption Purged . | . . . Corruption Blocked . | . . . Overload Shots . | . . . Overflow Damage . | . . . Projectiles . | . . . Explosions . | . . . Melee . | . . . Knockbacks . | . . . Impact . | . . . Kinetic . | . . . Secondary . | . . . Self-Inflicted Damage . | . . . Shots . | . . . Rammed 3 | . . 3 Targets Rammed 3 | . . 3 Kicked . | . . . Crushed . | . . . Highest Temperature 148 | . 148 30 Average Temperature 50 | . 63 11 Received Heat Transfer 237 | . 192 45 Siege Activations . | . . . Robots Corrupted . | . . . Combat Hostiles . | . . . Parts Fried . | . . . Impact Corruptions . | . . . Robots Melted . | . . . Combat Hostiles . | . . . Parts Melted . | . . . Heat Transferred . | . . . Parts Sabotaged . | . . . Parts Stolen . | . . . Parts Stripped . | . . . Power Chain Reactions . | . . . Alert | -11 -10 -10 ------- Run | Yrd Mat Min Peak Influence 176 | . 176 125 Initial . | . . . Average 62 | . 68 63 Maximum Alert Level . | . . . Low Security (%) 100 | 100 100 100 Level 1 . | . . . Level 2 . | . . . Level 3 . | . . . Level 4 . | . . . Level 5 . | . . . High Security . | . . . Max Security . | . . . Squads Dispatched 1 | . 1 . Investigation . | . . . Extermination . | . . . Reinforcement 1 | . 1 . Assault . | . . . Garrison . | . . . Intercept . | . . . Searches Triggered . | . . . Construction Impeded . | . . . Haulers Reinforced . | . . . Active Scanning Responses . | . . . Cargo Convoy Interrupts . | . . . Stealth | -11 -10 -10 --------- Run | Yrd Mat Min Distress Signals 4 | . 4 . Communications Jammed . | . . . Distress Signals . | . . . Times Spotted 27 | . 16 11 Peak Tracking Total 6 | . 5 6 Tactical Retreats . | . . . Traps | -11 -10 -10 ------- Run | Yrd Mat Min Traps Triggered . | . . . Indirectly . | . . . Trap Hack Attempts . | . . . Triggered . | . . . Disarmed . | . . . Reprogrammed . | . . . Reused . | . . . Traps Extracted . | . . . Installed . | . . . Triggered . | . . . Machines | -11 -10 -10 ---------- Run | Yrd Mat Min Machines Disabled 1 | . 1 . Max in Single Turn 1 | . 1 . Machines Repaired . | . . . Machines Dismantled . | . . . Machines Sabotaged . | . . . Overloaded Fab Kills . | . . . Hacking | -11 -10 -10 --------- Run | Yrd Mat Min Machines Accessed 4 | . 4 . Terminals 4 | . 4 . Fabricators . | . . . Repair Stations . | . . . Recycling Units . | . . . Scanalyzers . | . . . Garrison Access . | . . . Total Hacks 11 | . 11 . Successful 6 | . 6 . Failed 5 | . 5 . Catastrophic 1 | . 1 . Database Lockouts . | . . . Manual . | . . . Terminals 11 | . 11 . Fabricators . | . . . Repair Stations . | . . . Recycling Units . | . . . Scanalyzers . | . . . Garrison Access . | . . . Terminal Hacks 6 | . 6 . Locate Traps 2 | . 2 . Hauler Manifests 1 | . 1 . Registered Components 1 | . 1 . Registered Prototypes 1 | . 1 . Zone Layout 1 | . 1 . Fabricator Hacks . | . . . Repair Station Hacks . | . . . Recycling Unit Hacks . | . . . Scanalyzer . | . . . Garrison Access Hacks . | . . . Unauthorized Hacks . | . . . Terminals . | . . . Fabricators . | . . . Repair Stations . | . . . Recycling Units . | . . . Scanalyzers . | . . . Garrison Access . | . . . Data Cores Recovered 1 | . 1 . Used . | . . . Hacking Detections 1 | . 1 . Full Trace Events . | . . . Feedback Events . | . . . Feedback Blocked . | . . . Robot Schematics Acquired . | . . . Robots Built . | . . . Authchips . | . . . Time . | . . . Total Robot Build Rating . | . . . Part Schematics Acquired . | . . . Parts Built . | . . . Authchips . | . . . Time . | . . . Total Part Build Rating . | . . . Parts Repaired . | . . . Time . | . . . Parts Recycled . | . . . Recycled Matter . | . . . Retrieved Matter . | . . . Retrieved Components . | . . . Parts Scanalyzed . | . . . Part Schematics Acquired . | . . . Parts Damaged . | . . . Bothacking | -11 -10 -10 ------------ Run | Yrd Mat Min Used RIF Installer . | . . . Robots Hacked . | . . . Non-combat . | . . . Combat . | . . . Robot Hacks Applied . | . . . Relay Couplers Released . | . . . Fabnet Peak Effective % . | . . . Robots Rewired . | . . . Allies Hacked . | . . . Hacks Repelled . | . . . Allies | -11 -10 -10 -------- Run | Yrd Mat Min Total Allies . | . . . Largest Group . | . . . Highest-Rated Group . | . . . Highest-Rated Ally . | . . . Total Orders . | . . . Ally Attacks . | . . . Total Damage . | . . . Kills . | . . . Allies Corrupted . | . . . Allies Melted . | . . . Intel | -11 -10 -10 ------- Run | Yrd Mat Min Robot Analysis Total . | . . . Derelict Logs Recovered 1 | . . 1 Drone Launches . | . . . Drone Recoveries . | . . . Exploration | -11 -10 -10 ------------- Run | Yrd Mat Min Turns Passed 1395 | 85 856 454 Spaces Moved 748 | 51 448 249 Core 9 | 9 . . Treads 739 | 42 448 249 Legs . | . . . Wheels . | . . . Hover . | . . . Flight . | . . . Fastest Speed 50 | 50 160 160 Average Speed 158 | 140 160 160 Slowest Speed 160 | 160 160 160 Overloaded Moves . | . . . Propulsion Burnouts . | . . . Robots Hopped . | . . . Cave-ins Triggered . | . . . Exploration Rate (%) 32 | 3 52 43 Regions Visited 2 Branch Regions 1 Pre-discovered Areas . | . . . Known Exits Taken . | . . . Unknown Exits Taken 2 | 1 1 . Scrap Searched 1 | . . 1 Spaces Dug . | . . . Terrain Destroyed . | . . . Melee . | . . . Projectile . | . . . AOE . | . . . Terrain Rammed . | . . . Walls Destroyed . | . . . Machines Disabled . | . . . Actions | -11 -10 -10 --------- Run | Yrd Mat Min Total 870 | 64 522 284 Wait 13 | . 13 . Move 746 | 50 447 249 Hop . | . . . Pick Up 28 | 7 16 5 Fast Attach . | . . . Attach 11 | 6 3 2 Detach . | . . . Swap 5 | 1 3 1 Drop 7 | . 4 3 Fire 47 | . 36 11 Melee . | . . . Ram . | . . . Kick . | . . . Crush 3 | . . 3 Escape Stasis . | . . . Rewire 10 | . . 10 Trap . | . . . Miscellaneous . | . . . Route ------- -11/Scrapyard -10/Materials (discovered 2 exits: [*Mat] / [*Min]) -10/Mines (discovered 1 exit: [*Mat]) History --------- Turn | Location | Event 5 | -11/Scrapyard | Discovered new exit (range 15) 86 | -11/Scrapyard | Entered Materials 310 | -10/Materials | Build established: Mutant 468 | -10/Materials | Discovered new exit (range 7) 700 | -10/Materials | Discovered new exit (range 11) 942 | -10/Materials | Entered Mines 949 | -10/Mines | Received a Rocket Launcher from a helpful Derelict 1055 | -10/Mines | Learned Materials terminal intel 1154 | -10/Mines | Core integrity fell below 50% 1340 | -10/Mines | Discovered new exit (range 10) 1371 | -10/Mines | Assembled infested the area 1395 | -10/Mines | Core integrity fell below 20% 1396 | -10/Mines | Destroyed by D-53 Grenadier with Mini Grenade Launcher Last Messages --------------- Attempting to rewire R-06 Scavenger. R-06 Scavenger is broken beyond repair. Attempting to rewire R-06 Scavenger. R-06 Scavenger is broken beyond repair. Slammed into T-07 Excavator. Attempting to rewire U-05 Engineer. U-05 Engineer is broken beyond repair. Acquired 33 matter. Slammed into U-05 Engineer. EXIT=FOUND K-01 Serf cleans the Pulverizer. Slammed into K-01 Serf. K-01 Serf destroyed. Acquired 25 matter. ALERT: Infestation in the mines, dispatching Demolisher response squad. C-30 ARC bursts open, deploying its payload. D-53 Grenadier unfolds itself. EM Pulse Gun destroyed. as-29134 destroyed. Map ----- +----------------------------------------------------+ | #????????????????????""" """" """" < ????????? | | ###??????????????????? ????????? | | ???????????????????????""" """" """" ""????????? | | ????????####??????????"""" """" """" """???????? | | ???????## ##???????# """" """" """" """" #????? | | ???????# ##??????# #????? | | ???????# #???????######### ###########?????? | | ???????## ##??????????????# #???????????????? | | ????????## ##?????????????# #???????????????? | | ?????????# #?????????????#*#???????????????? | | ????????## #?????????????# #???????????????? | | ????????# ##????????????#=#???????????????? | | ######### ######???????#=#???????????????? | | ! ######### #???????????????? | | #=###### ### #???????????????? | | # #????# ##?## ######## #???????????????? | | # ????# ###???## ##??????# #???????????????? | | ####???####??????#####???????# #???????????????? | | ?????????????????????????????# #???????????????? | | ????????????????###???????####d#???????????????? | | ???????? ??????## ??##### d##??????????????? | | ???????? ### ## #??????????????? | | ??????? r #??????????????? | | ??????? ##??????????????? | | ??????? ###???????????????? | | ???????????# @ #????????????????? | | ???????????## ##????????????????? | | ????????????# # #?????????????????? | | ????????????# #?# a ????????????????? | | ???????????# ???## ####a ??????????????? | | ??????????# ?????### ##???? ?????????????? | | ??????????#? ????????# ?????? ???????????? | | ????????????? ??????????###????????##??????????? | | ???????????????????????????????????????????????? | | ???????????????????????????????????????????????? | | ???????????????????????????????????????????????? | | ???????????????????????????????????????????????? | | ???????????????????????????????????????????????? | | ???????????????????????????????????????????????? | | ???????????????????????????????????????????????? | | ???????????????????????????????????????????????? | | ???????????????????????????????????????????????? | | ???????????????????????????????????????????????? | | ???????????????????????????????????????????????? | | ???????????????????????????????????????????????? | | ???????????????????????????????????????????????? | | ???????????????????????????????????????????????? | | ???????????????????????????????????????????????? | | ???????????????????????????????????????????????? | | ???????????????????????????????????????????????? | +----------------------------------------------------+ Best States ------------- Heat Dissipation 25 Energy Generation 12 Energy Capacity 265 Matter Stores 300 Matter Capacity 300 Sight Range 18 Terrain Scan Density 10 Evasion (%) 40 Recoil Reduction 2 Item Schematics ----------------- None Robot Schematics ------------------ None Fabricated ------------ Nothing Alien Tech Used ----------------- None Achievements -------------- None Challenges ------------ None Game ------ Seed AluminumSniperFlakker Manual? 0 Play Time 00:09:20 Cumulative 8.0 hours Start 2024.04.02 @ 14:39:23 End 2024.04.02 @ 14:51:18 Sessions 1 Manual Loads 0 Difficulty Rogue Special Mode None Game No. 25 Rogue 25 Adventurer 0 Explorer 0 Win Type - Total 0 Types 0/0/0/0/0/0/0/0/0 Lore% 14 Gallery% 12 Achievement% 13 Wizard Run 0 Options --------- Layout 1 ASCII 0 Keyboard 0 Movement Mouse Keybinds 0 Fullscreen 1 Font 24/Smallcaps Map View 50x35 Zoom Use 0% Tactical HUD 0 Map Filters NONE Filters NONE Steam 1 RUN: c4fb179d-3aee-4588-9549-3456b064cc77